Map: Last Remnant

Players

Iluvatar

  • Race: Terran Terran
  • Spawn Location: 6:00

Maelthor

  • Race: Zerg Zerg
  • Spawn Location: 6:00

athabstract

  • Race: Protoss Protoss
  • Spawn Location: 9:00

Erfeyah

  • Race: Terran Terran
  • Spawn Location: 7:00

FluMsTeR - Winner!

  • Race: Zerg Zerg
  • Spawn Location: 12:00

Proxydee - Winner!

  • Race: Terran Terran
  • League: Gold
  • Spawn Location: 3:00

UncleGG - Winner!

  • Race: Protoss Protoss
  • Spawn Location: 12:00

PepsiDood - Winner!

  • Race: Protoss Protoss
  • Spawn Location: 1:00

VOD

Have the link to the VOD?

Description

Time

  • Played on: Nov. 23, 2017, 1:50 p.m.
  • Length: 13:09
Show
View Real Time Build Order
Export as new Build Order

Iluvatar Terran 

Build Orders: MMM Bio 

Get SALT Encoding   

  12  0:01  SCV  
  13  0:13  SCV  
  14  0:18  Supply Depot  
  14  0:27  SCV  
  15  0:41  Barracks  
  15  0:44  SCV  
  16  0:56  SCV  
  17  0:58  Refinery  
  17  1:08  SCV  
  17  1:09  Barracks  
  18  1:20  SCV  
  19  1:28  Barracks  
  19  1:29  Marine  
  20  1:39  Orbital Command  
  20  1:47  Marine  
  21  2:01  Barracks Tech Lab  
  20  2:20  Marine x2  
  21  2:24  Marine, Stimpack  
  21  2:29  SCV  
  23  2:40  Supply Depot  
  23  2:52  Barracks Reactor  
  23  3:01  Marine x2  
  23  3:04  Refinery  
  25  3:11  Supply Depot  
  25  3:13  SCV  
  26  3:21  Marine  
  26  3:22  Marine  
  26  3:25  SCV  
  29  3:29  Marine x2  
  31  3:41  Factory  
  31  3:49  Marine x2  
  31  3:50  Marine x2  
  31  3:51  SCV  
  36  4:06  SCV  
  36  4:07  Marine x2  
  39  4:35  Combat Shields, Command Center  
  39  4:41  Marine x2  
  39  4:43  Marine x2, Supply Depot  
  43  4:47  Factory Reactor  
  42  4:55  Starport  
  41  5:04  SCV  
  42  5:20  Marine x4  
  46  5:26  Supply Depot  
  46  5:36  Factory Tech Lab  
  46  5:38  Marine  
  46  5:40  Marine x2  
  46  5:41  Marine  
  46  5:42  SCV  
  51  5:56  Marine, Supply Depot  
  52  5:58  Marine x2  
  52  6:00  Medivac x2  
  58  6:07  Marine  
  58  6:10  SCV x2  
  61  6:13  Marine  
  61  6:16  Marine  
  63  6:20  Barracks x2  
  63  6:22  SCV  
  64  6:30  Medivac x2, Barracks Reactor  
  43  6:53  Marine  
  43  6:54  Marine x2  
  43  7:00  Supply Depot  
  44  7:07  Medivac  
  46  7:11  Marine x2  
  46  7:12  Marine  
  46  7:13  Medivac  
  51  7:22  Orbital Command  
  51  7:29  Marine x3  
  54  7:41  Marine x3  
  54  7:42  Marine  
  54  7:44  SCV  
  59  7:47  Marine x3  
  59  7:48  SCV  
  63  7:56  SCV, Refinery  
  63  7:58  Refinery  
  64  7:59  Marine x2  
  66  8:08  Supply Depot, Barracks Reactor x2  
  66  8:09  Marine  
  66  8:10  Marine  
  45  9:08  Marine x4  
  45  9:09  Marine x5  
  52  9:11  Medivac x2  
  54  9:41  Medivac x2, Marine x3  
  54  9:42  Marine x4  
  54  9:43  SCV x2  
  67  9:55  SCV x2  
  69  10:00  Starport x2  
  69  10:06  Starport  
  69  10:07  SCV x2  
  71  10:18  Medivac x2  
  71  10:19  SCV  
  71  10:20  SCV  
  77  10:26  Marine x4  
  77  10:27  Marine x2  
  77  10:28  Marine x2  
  84  10:31  SCV  
  84  10:32  SCV  
  87  10:43  Engineering Bay  
  87  10:44  SCV x2  
  87  10:47  Armory  
  87  10:48  Starport Reactor x2, Engineering Bay  
  89  10:53  Medivac  
  89  10:56  Viking  
  93  10:57  Starport Reactor  
  73  11:34  Medivac  
  73  11:35  Viking x4  
Show
View Real Time Build Order
Export as new Build Order

Maelthor Zerg 

Build Orders: Hatch First 

Get SALT Encoding   

  12  0:01  Drone  
  13  0:11  Drone  
  14  0:18  Overlord  
  14  0:37  Drone x2  
  14  0:39  Drone  
  17  0:56  Hatchery  
  16  0:58  Drone  
  17  1:15  Spawning Pool  
  17  1:17  Drone  
  17  1:18  Drone  
  18  1:22  Drone  
  19  1:26  Extractor x2  
  17  1:35  Drone  
  18  1:44  Overlord  
  18  1:53  Drone  
  19  2:02  Queen  
  19  2:05  Zergling x2  
  22  2:18  Zergling x4  
  23  2:33  Drone x3  
  24  2:40  Queen  
  24  2:42  Queen  
  28  2:45  Drone x2  
  30  2:58  Zergling x6  
  33  3:07  Zergling x2  
  33  3:12  Zergling x4  
  36  3:29  Overlord x2  
  36  3:36  Baneling Nest  
  36  3:39  Zergling x2  
  36  3:58  Zergling x10  
  36  4:02  Metabolic Boost  
  41  4:03  Zergling x2  
  41  4:04  Zergling x2  
  41  4:07  Drone  
  44  4:26  Zergling x10  
  49  4:34  Lair  
  49  4:37  Drone  
  42  4:55  Zergling x8  
  42  4:56  Zergling x2  
  42  4:57  Zergling x2  
  47  5:02  Drone  
  48  5:08  Drone x2  
  50  5:19  Overlord x2  
  48  5:42  Zergling x8  
  51  5:43  Zergling x8  
  51  5:47  Baneling  
  51  5:48  Baneling x3  
  55  5:59  Centrifical Hooks  
  55  6:20  Evolution Chamber  
  55  6:25  Baneling x6  
  54  6:26  Baneling x8  
  40  6:45  Zergling x4  
  40  6:46  Zergling x8  
  35  7:03  Spore Crawler  
  35  7:05  Overlord x2  
  35  7:07  Queen  
  35  7:08  Drone x2  
  36  7:26  Queen  
  36  7:29  Drone x4  
  42  7:33  Zergling x2  
  42  7:34  Zergling x2  
  44  7:38  Drone  
  44  7:39  Drone  
  46  8:01  Zergling x6, Hatchery  
  48  8:16  Zergling x2  
  48  8:20  Baneling x6  
  48  8:21  Baneling  
  48  8:23  Zergling x10  
  50  8:41  Zergling x10  
  46  8:42  Zergling x4  
  43  9:20  Zergling x2  
  43  9:21  Zergling x10  
  45  9:34  Zergling x12  
  51  9:40  Queen  
  53  9:50  Zergling x14  
  60  10:07  Overlord x3  
  59  10:19  Zergling x6  
  59  10:20  Zergling x6  
  62  10:25  Zerg Melee Weapons Level 1  
  62  10:28  Zergling x6  
  63  10:29  Zergling x4  
  67  10:35  Extractor  
  67  10:36  Drone x2  
  67  10:38  Extractor  
  63  11:06  Zergling x2  
  63  11:07  Zergling x16  
  63  11:08  Zergling x4  
  62  11:19  Zergling x16  
  66  11:27  Zergling x2  
  66  11:28  Zergling x2  
  67  11:38  Drone x3  
  68  11:49  Zergling x4  
  68  11:50  Zergling x10  
  75  12:08  Zergling x10  
  80  12:13  Baneling x2  
  80  12:14  Baneling x12  
  80  12:15  Baneling x2  
  34  12:37  Zergling x2  
  34  12:38  Zergling x16  
  40  12:46  Drone  
Show
View Real Time Build Order
Export as new Build Order

athabstract Protoss 

Build Orders:  

Get SALT Encoding   

  12  0:01  Probe  
  13  0:13  Probe  
  14  0:23  Pylon  
  14  0:26  Probe  
  15  0:41  Probe  
  16  0:47  Gateway  
  16  0:54  Probe  
  17  1:00  Assimilator  
  17  1:10  Probe  
  18  1:20  Assimilator  
  18  1:23  Probe  
  19  1:27  Pylon  
  19  1:44  Cybernetics Core  
  19  1:48  Gateway  
  19  1:50  Probe (Chrono Boost)  
  21  2:02  Probe (Chrono Boost)  
  21  2:04  Probe  
  24  2:17  Pylon  
  24  2:34  Zealot  
  24  2:35  Probe, Zealot  
  27  2:43  Warp Gate (Chrono Boost)  
  27  3:01  Stalker  
  27  3:02  Gateway  
  27  3:04  Pylon  
  29  3:21  Stalker  
  29  3:23  Nexus  
  31  3:31  Stalker  
  32  3:51  Stalker  
  34  3:55  Stalker  
  34  4:01  Stalker  
  38  4:08  Probe  
  39  4:17  Robotics Facility  
  39  4:36  Pylon  
  39  4:39  Pylon  
  33  5:13  Immortal  
  37  5:18  Stalker  
  37  5:19  Stalker x2  
  43  5:42  Gateway  
  43  5:43  Gateway  
  43  5:45  Forge  
  43  5:52  Observer  
  44  6:19  Observer  
  44  6:23  Stalker  
  47  6:28  Nexus  
  47  6:30  Assimilator  
  47  6:36  Assimilator  
  47  6:39  Pylon  
  47  6:42  Pylon  
  46  6:48  Stalker x2  
  50  7:00  Stalker  
  52  7:21  Probe  
  53  7:26  Stalker  
  55  7:30  Protoss Ground Weapons Level 1  
  55  7:33  Probe  
  56  7:45  Probe  
  56  7:49  Immortal  
  61  7:57  Probe (Chrono Boost)  
  63  7:59  Probe (Chrono Boost)  
  63  8:10  Probe (Chrono Boost)  
  65  8:18  Probe x2 (Chrono Boost)  
  66  8:23  Stalker  
  66  8:24  Stalker  
  53  9:06  Stalker x2  
  53  9:07  Stalker  
  53  9:40  Stalker x2  
  53  9:41  Stalker x3  
  63  9:51  Protoss Ground Armor Level 1  
  63  10:08  Probe x2, Twilight Council  
  65  10:20  Probe  
  66  10:21  Stalker x3  
  66  10:22  Stalker x2  
  76  10:32  Probe  
  77  10:44  Probe, Pylon  
  77  10:46  Pylon  
  78  10:53  Stalker x2  
  78  10:56  Probe  
  72  11:37  Stalker x2  
  72  11:38  Stalker x3  
Show
View Real Time Build Order
Export as new Build Order

Erfeyah Terran 

Build Orders:  

Get SALT Encoding   

  12  0:03  SCV  
  13  0:41  Supply Depot  
  13  0:44  SCV  
  14  0:56  SCV  
  15  1:08  SCV  
  16  1:15  Barracks  
  16  1:25  SCV  
  17  1:34  Refinery  
  17  1:37  SCV  
  18  1:49  SCV  
  19  2:01  SCV  
  19  2:04  Supply Depot  
  20  2:27  Marine  
  21  2:44  Marine  
  22  2:55  Supply Depot  
  22  2:56  SCV  
  23  3:02  Marine  
  24  3:08  SCV  
  25  3:20  Marine, Barracks  
  26  4:08  Barracks  
  26  5:00  Supply Depot  
  22  6:00  SCV  
  23  6:12  SCV  
  24  6:58  Command Center  
  24  7:03  Marine x2  
  24  7:04  Marine  
  27  7:21  Marine x2  
  27  7:22  Marine  
  30  7:31  SCV  
  31  7:44  SCV  
  32  8:05  Barracks Tech Lab  
  32  8:13  Orbital Command  
  29  9:29  SCV  
  29  9:32  SCV  
  29  9:35  Marine x3  
  33  9:42  SCV  
  33  9:44  SCV  
  35  9:53  Marine x3  
  38  10:11  Marine  
  38  10:12  Factory  
  39  10:32  Marine x3  
  26  11:49  Command Center  
  26  12:15  SCV  
  17  12:21  Marine x3  
  20  12:27  SCV  
  21  12:39  SCV, Marine x3  
  21  12:51  SCV  
Show
View Real Time Build Order
Export as new Build Order

FluMsTeR Zerg - Winner!

Build Orders: Pool First, Swarm Host 

Get SALT Encoding   

  12  0:01  Drone  
  13  0:09  Drone  
  14  0:27  Spawning Pool  
  13  0:29  Drone  
  13  0:35  Extractor  
  13  0:40  Overlord  
  13  0:46  Drone  
  14  1:01  Drone  
  15  1:15  Zergling x6  
  18  1:27  Drone  
  19  1:33  Queen  
  19  1:36  Metabolic Boost  
  19  1:39  Overlord  
  21  1:51  Drone  
  22  2:15  Zergling x4  
  23  2:31  Zergling x4  
  23  2:38  Hatchery  
  22  2:46  Drone x2  
  22  2:47  Drone x2  
  26  3:07  Baneling Nest  
  26  3:08  Lair  
  25  3:16  Zergling x8  
  25  3:17  Zergling x2  
  30  3:24  Overlord  
  30  3:50  Drone  
  30  3:51  Queen  
  30  3:52  Overlord  
  33  3:59  Zergling x8  
  37  4:09  Centrifical Hooks  
  36  4:17  Baneling x4  
  36  4:18  Baneling  
  36  4:27  Drone x2, Extractor  
  36  4:28  Drone  
  38  4:32  Drone  
  30  4:53  Zergling x12  
  33  5:05  Drone  
  34  5:08  Drone x3  
  37  5:18  Drone  
  38  5:22  Zergling x2  
  39  5:34  Drone x4  
  43  5:35  Overlord  
  43  5:38  Zergling x4  
  45  5:45  Baneling x3  
  45  5:46  Baneling x6  
  45  5:48  Baneling x2  
  44  5:52  Baneling x2  
  44  6:04  Drone x3  
  44  6:05  Drone x2  
  44  6:10  Spore Crawler  
  48  6:11  Spore Crawler  
  48  6:12  Drone  
  48  6:13  Drone  
  49  6:23  Baneling x4  
  43  6:44  Zergling x6  
  43  6:45  Zergling x14  
  51  6:58  Evolution Chamber  
  51  7:01  Drone, Infestation Pit  
  50  7:09  Drone  
  50  7:10  Drone  
  50  7:12  Extractor  
  50  7:14  Extractor  
  50  7:20  Hatchery  
  49  7:38  Evolution Chamber  
  48  7:55  Swarm Host x2  
  48  7:56  Swarm Host x2  
  48  7:57  Overlord x2  
  48  7:58  Overlord x2  
  60  7:59  Zerg Ground Armor Level 1  
  60  8:04  Zerg Missile Weapons Level 1  
  60  8:16  Overlord  
  60  8:17  Overlord  
  60  8:22  Swarm Host x4  
  62  8:52  Zergling x12  
  62  8:53  Zergling x10  
  73  8:58  Queen  
  73  8:59  Drone  
  73  9:00  Drone x2  
  67  9:31  Zergling x4  
  67  9:32  Zergling x10  
  74  9:39  Drone x3  
  77  9:59  Hatchery  
  76  10:06  Zergling x4  
  76  10:07  Zergling x14  
  85  10:14  Zerg Ground Armor Level 2  
  85  10:16  Zerg Melee Weapons Level 1  
  85  10:18  Hive  
  85  10:26  Drone x4  
  89  10:36  Spore Crawler x2  
  89  10:39  Spore Crawler  
  89  10:40  Drone  
  89  10:41  Spore Crawler  
  86  10:51  Swarm Host  
  86  10:52  Swarm Host x2  
  83  11:13  Zergling x6  
  83  11:14  Zergling x14  
  83  11:15  Zergling x2  
  90  11:27  Spine Crawler x2  
  90  11:31  Zergling x6, Spine Crawler  
  90  11:39  Queen  
  90  11:41  Drone  
  93  11:52  Baneling x5  
  93  11:53  Baneling x7  
  93  12:29  Baneling  
  93  12:30  Baneling x7  
  93  12:31  Baneling x2  
  93  12:43  Drone x2  
  93  12:44  Drone  
  96  12:45  Drone x5  
  96  12:46  Drone x2  
Show
View Real Time Build Order
Export as new Build Order

Proxydee Terran - Winner!

Build Orders: Command Center First (CC) 

Get SALT Encoding   

  12  0:01  SCV  
  13  0:13  SCV  
  14  0:20  Supply Depot  
  14  0:25  SCV  
  15  0:30  Refinery  
  15  0:42  SCV  
  16  0:54  SCV  
  17  1:16  SCV  
  18  1:22  Command Center  
  18  1:24  Barracks  
  18  1:38  SCV  
  19  1:46  Supply Depot  
  19  1:49  Refinery  
  19  1:50  SCV  
  20  2:03  SCV  
  21  2:14  Factory  
  21  2:15  SCV  
  22  2:27  SCV  
  22  2:28  Barracks Tech Lab  
  23  2:37  SCV  
  23  2:39  SCV  
  25  2:49  SCV  
  27  2:51  SCV  
  27  3:01  SCV  
  27  3:03  SCV  
  27  3:04  Starport  
  29  3:09  Starport  
  29  3:16  Starport  
  29  3:25  SCV  
  30  3:27  SCV  
  30  3:30  Refinery  
  30  3:34  Refinery  
  31  3:37  SCV, Factory Tech Lab  
  31  3:39  SCV  
  33  3:44  Supply Depot  
  35  3:49  SCV  
  35  3:50  Starport Reactor  
  35  3:51  SCV  
  35  3:52  Starport Reactor  
  35  3:53  Starport Reactor  
  35  4:02  Supply Depot  
  35  4:04  Supply Depot  
  35  4:10  SCV  
  35  4:11  SCV  
  37  4:22  SCV  
  37  4:23  SCV  
  39  4:36  SCV  
  40  4:40  Viking x5  
  40  4:44  Viking  
  52  4:49  Orbital Command  
  52  4:52  Orbital Command  
  52  5:10  Viking x3  
  58  5:30  Viking  
  58  5:31  Viking x2  
  64  5:40  Viking  
  66  5:44  Armory  
  66  6:21  Viking x2  
  70  6:37  Supply Depot  
  70  6:59  Supply Depot, Viking x4  
  78  7:23  Supply Depot  
  78  7:25  SCV  
  78  7:27  SCV  
  80  7:33  Command Center  
  80  7:34  Supply Depot  
  80  7:37  SCV  
  80  7:39  SCV  
  80  7:41  Terran Vehicle And Ship Armor Level 1  
  82  7:45  Viking x3  
  82  7:46  Supply Depot  
  82  7:49  SCV  
  90  7:51  SCV  
  90  7:57  Supply Depot  
  90  8:01  SCV  
  90  8:03  SCV  
  92  8:13  SCV  
  92  8:15  SCV  
  94  8:20  Supply Depot  
  92  8:42  Supply Depot  
  92  8:48  Refinery  
  92  9:05  Supply Depot  
  92  9:13  Refinery  
  92  9:27  Viking x5  
  92  9:28  Supply Depot, Viking  
  104  9:35  Terran Ship Weapons Level 1  
  104  9:51  Supply Depot  
  104  9:57  Viking x5  
  104  9:58  Viking  
  116  10:05  Command Center  
  116  10:27  Viking x2  
Show
View Real Time Build Order
Export as new Build Order

UncleGG Protoss - Winner!

Build Orders:  

Get SALT Encoding   

  12  0:01  Probe  
  13  0:13  Probe  
  14  0:18  Pylon  
  14  0:25  Probe  
  15  0:37  Probe, Gateway  
  16  0:49  Probe  
  17  1:01  Assimilator  
  17  1:02  Probe  
  18  1:14  Probe  
  19  1:26  Probe  
  20  1:33  Cybernetics Core  
  20  1:38  Probe  
  21  1:40  Pylon  
  21  1:44  Gateway  
  21  1:45  Zealot  
  23  1:58  Probe  
  24  2:10  Probe  
  24  2:11  Warp Gate (Chrono Boost)  
  25  2:20  Pylon  
  25  2:22  Probe  
  26  2:24  Gateway, Stalker  
  26  2:26  Assimilator  
  28  2:34  Probe  
  29  2:42  Stalker  
  31  2:55  Probe  
  32  3:07  Nexus  
  32  3:09  Pylon  
  32  3:12  Stalker  
  34  3:38  Robotics Facility  
  34  3:50  Forge  
  34  4:01  Stalker x2  
  38  4:08  Pylon  
  38  4:12  Pylon  
  38  4:16  Stalker  
  40  4:23  Protoss Ground Weapons Level 1  
  40  4:31  Probe (Chrono Boost)  
  43  4:42  Probe x2 (Chrono Boost)  
  44  4:50  Probe (Chrono Boost)  
  45  4:54  Probe x2 (Chrono Boost)  
  45  4:57  Probe  
  47  5:04  Probe  
  48  5:09  Probe  
  49  5:15  Stalker x3  
  55  5:22  Probe  
  55  5:23  Probe  
  55  5:25  Gateway  
  57  5:33  Immortal (Chrono Boost)  
  57  5:35  Probe x2  
  63  5:48  Stalker x3  
  69  6:12  Immortal (Chrono Boost)  
  69  6:14  Probe  
  69  6:17  Protoss Ground Armor Level 1  
  74  6:19  Gateway  
  74  6:24  Gateway  
  74  6:26  Probe  
  74  6:27  Assimilator  
  74  6:31  Assimilator, Stalker  
  63  7:05  Stalker x3  
  63  7:07  Pylon  
  69  7:11  Pylon  
  69  7:14  Pylon  
  69  7:46  Robotics Bay  
  69  7:49  Twilight Council  
  69  7:54  Probe  
  69  7:56  Stalker x2  
  69  7:57  Stalker  
  69  7:58  Stalker  
  78  8:00  Zealot x2  
  82  8:06  Probe  
  83  8:18  Probe  
  84  8:30  Probe  
  77  8:42  Probe  
  72  8:54  Probe  
  51  9:21  Colossus  
  51  9:23  Stalker x3  
  51  9:24  Stalker x2  
  59  9:30  Extended Thermal Lance (Chrono Boost)  
  61  9:38  Protoss Ground Weapons Level 2 (Chrono Boost)  
  67  9:55  Stargate  
  67  9:58  Pylon  
  67  9:59  Zealot  
  69  10:00  Zealot x5  
  69  10:01  Pylon  
  69  10:05  Pylon  
  79  10:10  Probe, Pylon  
  80  10:16  Colossus  
  86  10:47  Fleet Beacon  
  86  10:51  Stalker x2  
  86  10:54  Charge (Chrono Boost)  
  90  11:08  Zealot x2  
  90  11:09  Zealot x2  
  90  11:10  Colossus (Chrono Boost)  
  104  11:43  Stalker x3  
  104  11:44  Stalker x2  
  120  12:03  Colossus (Chrono Boost)  
Show
View Real Time Build Order
Export as new Build Order

PepsiDood Protoss - Winner!

Build Orders:  

Get SALT Encoding   

  12  0:01  Probe  
  13  0:13  Probe (Chrono Boost)  
  14  0:22  Pylon  
  14  0:26  Probe (Chrono Boost)  
  15  0:43  Gateway  
  15  0:45  Probe  
  16  0:59  Pylon  
  16  1:08  Probe  
  17  1:35  Zealot  
  19  1:46  Nexus  
  19  1:52  Pylon  
  19  2:02  Zealot  
  21  2:13  Assimilator  
  21  2:16  Assimilator  
  21  2:21  Gateway  
  21  2:24  Pylon  
  21  2:29  Zealot (Chrono Boost)  
  23  2:39  Probe  
  24  2:47  Zealot  
  24  2:48  Pylon  
  24  2:51  Probe  
  27  3:03  Probe  
  28  3:10  Forge  
  28  3:14  Zealot (Chrono Boost)  
  28  3:16  Probe  
  31  3:26  Cybernetics Core  
  31  3:28  Probe  
  34  3:39  Probe  
  34  3:41  Zealot (Chrono Boost)  
  37  3:42  Zealot (Chrono Boost)  
  37  3:51  Probe x2  
  39  3:58  Zealot  
  41  4:03  Probe x2  
  41  4:05  Zealot  
  45  4:15  Probe  
  46  4:25  Zealot  
  46  4:26  Pylon  
  46  4:27  Probe  
  49  4:32  Twilight Council  
  49  4:34  Protoss Ground Weapons Level 1  
  49  4:35  Zealot  
  51  4:39  Probe  
  52  4:52  Probe, Zealot  
  53  5:04  Probe  
  54  5:14  Charge  
  54  5:16  Probe  
  54  5:17  Warp Gate  
  55  5:22  Zealot x2  
  55  5:28  Probe  
  60  5:33  Assimilator  
  60  5:36  Assimilator  
  60  5:40  Probe  
  61  5:49  Zealot x2  
  65  5:52  Probe  
  66  5:59  Pylon  
  66  6:00  Pylon  
  66  6:01  Pylon x2  
  66  6:07  Gateway  
  66  6:10  Gateway  
  66  6:16  Stalker x2  
  71  6:18  Probe  
  71  6:28  Protoss Ground Armor Level 1  
  71  6:30  Probe  
  72  6:42  Probe  
  72  6:46  Stalker x2  
  47  6:55  Blink  
  47  6:58  Probe  
  48  7:06  Pylon x2  
  48  7:08  Pylon  
  48  7:10  Probe  
  50  7:22  Probe  
  50  7:27  Stalker  
  52  7:32  Zealot  
  54  7:37  Zealot  
  54  7:39  Stalker  
  58  7:49  Stargate  
  58  7:54  Pylon  
  58  7:55  Pylon  
  58  7:56  Pylon  
  58  8:02  Protoss Air Weapons Level 1  
  58  8:09  Zealot  
  58  8:10  Stalker  
  58  8:11  Stalker, Zealot  
  66  8:21  Protoss Ground Weapons Level 2  
  66  8:32  Templar Archives  
  64  8:40  Stalker, Zealot  
  64  8:41  Stalker x2  
  44  8:55  Gateway  
  42  9:00  Gateway  
  42  9:02  Pylon  
  42  9:03  Pylon  
  42  9:09  Pylon  
  42  9:18  Fleet Beacon  
  42  9:26  Zealot x3  
  42  9:27  Zealot  
  50  9:44  Void Ray  
  54  9:50  Zealot x3  
  54  9:51  Zealot  
  62  9:56  Protoss Air Armor Level 1  
  62  10:11  Mothership  
  70  10:17  Zealot x2  
  70  10:18  Zealot x2  
  70  10:19  Stalker  
  70  10:20  Stalker  
  82  10:27  Void Ray  
  86  10:35  Pylon  
  86  10:36  Pylon  
  86  10:38  Protoss Shields Level 1  
  86  10:44  Zealot  
  86  10:45  Zealot, Stalker x2  
  86  10:46  Stalker, Zealot  
  92  11:09  Stalker, Zealot x2  
  92  11:10  Stalker  
  100  11:17  Graviton Catapult  
  100  11:18  Carrier  
  106  11:25  Zealot  
  106  11:26  Stalker  
  110  11:57  Stalker, Zealot  
  110  11:58  Stalker, Zealot  
  110  11:59  Stalker, Zealot  
  114  12:47  Stalker, Zealot x2  
  114  12:48  Zealot, Stalker  
  114  12:49  Stalker  
Tags
 
Add a new tag
Caveats
  • Supply blocks, unpowered buildings, or Contaminate may cause inaccurate times.
  • Supply counts are checked every 10 seconds.